cohdb
Replays
Latest Replays
All Replays
Popular Replays
Top Player Replays
Match Explorer
How It Works
Community
CoH3 Stats
Reddit
Sign in to upload your games and track your stats! →
Sign in with Steam
Match 20182273
Unlisted
Match 20182273
Overview
Messages
Build Orders
End
Royal Engineer Section
Vickers Machine Gun Team
Construct Section Command Post
Dingo Light Scout Car
Vickers Machine Gun Team
Construct Platoon Command Post
Humber Armored Car
Vickers Machine Gun Team
Unlock Bishop Self-propelled Artillery
Selects Indian Artillery Battlegroup
Selects Valour
Bishop Self-propelled Artillery
Selects Artillery Saturation
Selects Gurkha Rifles Section
Selects Off-map Airburst Barrage
Gurkha Rifles Section
Off-map Airburst Barrage
Bishop Self-propelled Artillery
6-pounder Anti-tank Gun Team
Off-map Airburst Barrage
6-pounder Anti-tank Gun Team
Off-map Airburst Barrage
Construct Company Command Post
SneaKerz
gb_gbg
Tigerfibel
PatriceLumumba400
0
0
Comments
sign in to comment!
No comments posted yet!